 Dungeon Crawl Stone Soup version 0.14-a0-2592-g262d02f (webtiles) character file.

7662 MirrMurr the Covert (level 10, 0/44 HPs)
             Began as a Spriggan Enchanter on Feb 12, 2014.
             Was an Initiate of Ashenzari.
             Succumbed to a door mimic's poison
             ... on Level 2 of the Lair of Beasts.
             The game lasted 00:36:43 (11155 turns).

MirrMurr the Covert (Spriggan Enchanter)           Turns: 11155, Time: 00:36:43

HP   0/44        AC  4     Str  7      XL: 10   Next: 88%
MP  29/29        EV 18     Int 18      God: Ashenzari [......]
Gold 425         SH  0     Dex 18      Spells:  5 memorised, 10 levels left

rFire  + . .     SeeInvis +     a - +1,+2 dwarf dagger (curse)
rCold  . . .     Clarity  .     b - +1 robe (curse)
rNeg   . . .     Conserve .     (shield restricted)
rPois  .         rCorr    .     (helmet restricted)
rElec  .         rRot     .     h - +0 dwarf cloak
SustAb . .       Spirit   .     (gloves unavailable)
rMut   .         Warding  .     (boots unavailable)
Saprov . . .     Stasis   .     (no amulet)
MR     +....                    N - cursed +5,+2 ring of slaying
                                D - ring of protection from fire

@: mildly poisoned, very quick, somewhat resistant to hostile enchantments,
extraordinarily stealthy
A: unfitting armour, see invisible, clever 1, herbivore 3, speed 3, slow
metabolism 2
a: Renounce Religion


You were on level 2 of the Lair of Beasts.
You worshipped Ashenzari.
Ashenzari was noncommittal.
You were not hungry.

You visited 3 branches of the dungeon, and saw 12 of its levels.

You collected 425 gold pieces.

Inventory:

Hand weapons
 a - a cursed +1,+2 dwarven dagger (weapon)
Missiles
 d - 6 darts (quivered)
 q - 10 stones
Armour
 b - a cursed +1 robe (worn)
 h - a +0 dwarven cloak (worn)
Magical devices
 j - a wand of draining (4)
 k - a wand of teleportation (5)
 t - a wand of disintegration (17)
 G - a wand of confusion (10)
Comestibles
 g - 8 bread rations
 l - an apple
 v - 6 pears
Scrolls
 i - 2 scrolls of identify
 n - 4 scrolls of fog
 p - 2 scrolls of teleportation
 r - a scroll of curse armour
 s - a scroll of blinking
 y - 5 scrolls of remove curse
 P - 2 scrolls of fear
Jewellery
 D - a ring of protection from fire (left hand)
 N - a cursed +5,+2 ring of slaying (right hand)
 R - an uncursed ring of flight
Potions
 e - a potion of porridge
 f - 5 potions of curing
 m - a potion of brilliance {unknown}
 u - 2 potions of lignification
 x - 2 potions of restore abilities
 z - a potion of confusion {unknown}
 A - a potion of invisibility
 M - a potion of magic {unknown}
 T - a potion of agility
Books
 c - a book of Maledictions

   Spells                             Type                      Level
   Corona                             Hexes                        1
   Sure Blade                         Hexes/Charms                 2
   *Ensorcelled Hibernation           Hexes/Ice                    2
   *Confuse                           Hexes                        3
   Enslavement                        Hexes                        4
   *Invisibility                      Hexes                        6
 o - a book of Transfigurations

   Spells                             Type                      Level
   Stoneskin                          Transmutation/Earth          2
   Ice Form                           Ice/Transmutation            4
   Statue Form                        Transmutation/Earth          6
   Dragon Form                        Transmutation                7
 H - a book of Cantrips

   Spells                             Type                      Level
   Confusing Touch                    Hexes                        1
   *Animate Skeleton                  Necromancy                   1
   Summon Small Mammal                Summoning                    1
   *Apportation                       Translocation                1
 K - a book of Wizardry

   Spells                             Type                      Level
   Summon Elemental                   Summoning                    4
   Agony                              Necromancy                   5
   Force Lance                        Conjuration                  5
   Fireball                           Conjuration/Fire             5
   Haste                              Charms                       6
   *Invisibility                      Hexes                        6


   Skills:
 - Level 6.4 Short Blades
 - Level 1.1 Throwing
 - Level 3.0 Dodging
 + Level 14.1 Stealth
 - Level 7.3 Spellcasting
 * Level 12.0 Hexes
 + Level 4.4 Necromancy
 - Level 3.1 Translocations


You had 10 spell levels left.
You knew the following spells:

 Your Spells              Type           Power        Failure   Level  Hunger
a - Ensorcelled Hibernat  Hex/Ice        ####..       1%          2    None
b - Confuse               Hex            #####...     1%          3    ##.....
d - Animate Skeleton      Necr           N/A          1%          1    None
i - Invisibility          Hex            #####...     14%         6    ######.
A - Apportation           Tloc           ###.......   3%          1    None


Dungeon Overview and Level Annotations

Branches:
Dungeon (9/16)             Temple (1/1) D:7            Lair (2/8) D:9
    Orc: D:9-12

Altars:
Ashenzari
Cheibriados
Dithmenos
Elyvilon
Fedhas
Kikubaaqudgha
Makhleb
Nemelex Xobeh
Okawaru
Sif Muna
Trog
Vehumet
Xom
Yredelemnul
Zin
The Shining One

Shops:
D:9 %

Annotations:
D:9 food, Gastronok


Innate Abilities, Weirdness & Mutations

You are tiny and cannot use many weapons and most armour.
You have supernaturally acute eyesight.
You are a herbivore.
You cover ground extremely quickly.
You need consume almost no food.
Your mind is acute. (Int +2)


Message History

The door mimic is moderately damaged.
The door mimic snaps closed at you! The door mimic closely misses you.
You hit the door mimic but do no damage.
The door mimic is moderately damaged.
You feel sick.
You hit the door mimic.
The door mimic is moderately damaged.
You feel sick. The door mimic barely misses you.
The door mimic barely misses you.
Your attempt to break free from the door mimic fails, but you feel that another attempt might succeed.
The door mimic snaps closed at you!
* * * LOW HITPOINT WARNING * * *
The door mimic snaps closed at you!
* * * LOW HITPOINT WARNING * * *
You escape the door mimic's grasp.
The quokka twitches its whiskers.
* * * LOW HITPOINT WARNING * * *
You feel sick.
There is an open door here.
You die...

#...f. #....####
#.r.### ####...#
##.f##.## ##..##
#.......# ####.P+##
#......f# ## #.......#
#...+..## #.##...>...#
##......# ###.........#
#.......###.#.#.......+
##......'@....#.......#
#......###.#####..#.#.#
#.##.#### ### #######
###.#. ## #


You could see a door mimic.

Vanquished Creatures
  A hydra (Lair:1)
  The ghost of ciphuk the Carver, an experienced HEAE of Ashenzari (D:9)
  A spriggan (D:7)
  A spiny frog (Lair:1)
  2 wandering mushrooms (D:9)
  A two-headed ogre (D:7)
  A komodo dragon (Lair:1)
  A troll (D:9)
  A wyvern (D:9)
  Eustachio (D:9)
  A hippogriff (Lair:2)
  A hungry ghost (D:5)
  A necrophage (D:7)
  A yellow wasp (D:7)
  2 black bears
  An orc warrior (D:7)
  3 phantoms
  An ice beast (D:6)
  5 centaurs
  A crocodile (Lair:1)
  Sigmund (D:5)
  5 giant frogs
  2 ogres
  3 water moccasins
  A big kobold (D:9)
  A gnoll sergeant (D:8)
  An agate snail (Lair:1)
  3 killer bees
  A hippogriff skeleton (D:7)
  5 goliath beetles
  3 crimson imps
  A giant frog zombie (D:8)
  A scorpion (D:4)
  An orc priest (D:5)
  A centaur skeleton (D:8)
  9 hounds
  Crazy Yiuf (D:5)
  A jelly (D:8)
  2 iguanas
  4 orc wizards
  A worker ant (D:4)
  A killer bee zombie (D:7)
  A crocodile skeleton (D:9)
  Terence (D:2)
  A mummy (D:8)
  4 gnolls
  10 adders
  2 giant centipedes
  3 orc skeletons
  An inept item mimic (D:4)
  4 giant mites
  2 worms
  An adder zombie (D:8)
  An iguana skeleton (D:9)
  4 giant geckos
  An ooze (D:1)
  13 orcs
  2 ball pythons
  7 giant cockroaches
  19 hobgoblins
  4 jackals
  13 kobolds
  23 bats
  8 giant newts
  A giant spore (D:7)
  14 goblins
  4 quokkas
  17 rats
  A ballistomycete (D:7)
  A fungus (D:9)
240 creatures vanquished.

Vanquished Creatures (collateral kills)
  A necrophage (D:8)
  3 gnolls (D:8)
  A hobgoblin (D:8)
5 creatures vanquished.

Vanquished Creatures (others)
  A wizard (D:3)
  A centaur skeleton (D:8)
  A black bear skeleton (D:8)
  A jackal (D:9)
  A kobold (D:9)
  A giant gecko skeleton (D:8)
  A gnoll skeleton (D:8)
7 creatures vanquished.

Grand Total: 252 creatures vanquished

Notes
Turn   | Place    | Note
--------------------------------------------------------------
     0 | D:1      | MirrMurr, the Spriggan Enchanter, began the quest for the Orb.
     0 | D:1      | Reached XP level 1. HP: 9/9 MP: 4/4
   424 | D:1      | Reached skill level 4 in Stealth
   648 | D:1      | Reached XP level 2. HP: 2/13 MP: 5/7
   871 | D:1      | Learned a level 2 spell: Ensorcelled Hibernation
   912 | D:1      | Reached skill level 5 in Stealth
  1096 | D:1      | Reached XP level 3. HP: 16/16 MP: 9/9
  1101 | D:1      | Learned a level 3 spell: Confuse
  1587 | D:2      | Reached skill level 6 in Stealth
  1680 | D:2      | Noticed Terence
  1738 | D:2      | Killed Terence
  1738 | D:2      | Reached XP level 4. HP: 15/21 MP: 0/12
  2437 | D:3      | Reached skill level 7 in Stealth
  2437 | D:3      | Reached XP level 5. HP: 24/24 MP: 14/14
  2703 | D:3      | Found a bloodstained altar of Trog.
  2703 | D:3      | Noticed a wizard
  2713 | D:3      | Killed a wizard
  2845 | D:3      | Noticed a giant frog
  2854 | D:3      | Killed a giant frog
  2884 | D:3      | Found a snail-covered altar of Cheibriados.
  3029 | D:3      | Reached skill level 8 in Stealth
  3053 | D:3      | Reached XP level 6. HP: 23/28 MP: 7/17
  3509 | D:4      | Found a glowing golden altar of the Shining One.
  4367 | D:4      | Reached skill level 5 in Short Blades
  4367 | D:4      | Reached skill level 9 in Stealth
  4367 | D:4      | Reached XP level 7. HP: 28/32 MP: 7/20
  4740 | D:3      | Found a deep blue altar of Sif Muna.
  4775 | D:5      | Entered Level 5 of the Dungeon
  4856 | D:5      | Noticed Sigmund
  4866 | D:5      | Killed Sigmund
  4866 | D:5      | Reached skill level 10 in Stealth
  5136 | D:4      | Reached XP level 8. HP: 28/36 MP: 8/23
  5831 | D:5      | Noticed Crazy Yiuf
  5838 | D:5      | Killed Crazy Yiuf
  6089 | D:6      | Found an ancient bone altar of Kikubaaqudgha.
  6133 | D:6      | Reached skill level 5 in Spellcasting
  6202 | D:6      | Reached skill level 5 in Hexes
  6461 | D:7      | Reached skill level 11 in Stealth
  6929 | D:7      | Noticed a spriggan baker
  6939 | D:7      | Killed a spriggan baker
  6939 | D:7      | Reached XP level 9. HP: 32/39 MP: 17/27
  7030 | D:7      | Reached skill level 12 in Stealth
  7245 | D:7      | Found a staircase to the Ecumenical Temple.
  7250 | Temple   | Entered the Ecumenical Temple
  8065 | D:8      | Learned a level 1 spell: Apportation
  8067 | D:8      | Learned a level 1 spell: Animate Skeleton
  8159 | D:8      | Found a sparkling altar of Nemelex Xobeh.
  8160 | D:8      | Found a shattered altar of Ashenzari.
  8166 | D:8      | Became a worshipper of Ashenzari the Shackled
  8308 | D:8      | Reached skill level 1 in Translocations
  8351 | D:8      | Reached skill level 1 in Necromancy
  9060 | D:9      | Found a shadowy altar of Dithmenos.
  9128 | D:9      | Noticed Gastronok
  9129 | D:9      | Noticed Eustachio
  9254 | D:8      | Learned a level 6 spell: Invisibility
  9347 | D:9      | Noticed ciphuk's ghost (experienced HEAE)
  9447 | D:9      | Reached XP level 10. HP: 37/44 MP: 22/29
  9457 | D:9      | Killed ciphuk's ghost
  9457 | D:9      | Reached skill level 13 in Stealth
  9457 | D:9      | Reached skill level 10 in Hexes
  9506 | D:9      | Found Ururafal's Food Shop.
  9800 | D:9      | Found a staircase to the Lair.
 10010 | D:9      | Found a burning altar of Makhleb.
 10036 | D:9      | Killed Eustachio
 10172 | Lair:1   | Entered Level 1 of the Lair of Beasts
 10204 | Lair:1   | Gained mutation: Your mind is acute. (Int +2) [potion of beneficial mutation]
 10353 | Lair:1   | Noticed a five-headed hydra
 10389 | Lair:1   | Killed a five-headed hydra
 10643 | Lair:1   | Reached skill level 14 in Stealth
 11149 | Lair:2   | HP: 1/44 [door mimic (8)]
 11154 | Lair:2   | HP: 1/44 [poisoned by a door mimic]
 11155 | Lair:2   | Succumbed to a door mimic's poison

Action                   |  1- 3 |  4- 6 |  7- 9 | 10-12 || total
-------------------------+-------+-------+-------+-------++-------
Melee: Dagger            |   133 |   192 |   288 |   105 ||   718
Throw: Dart              |     8 |       |     1 |       ||     9
 Cast: Corona            |     3 |       |       |       ||     3
       Ensorcelled Hiber |     8 |    17 |    79 |    33 ||   137
       Confuse           |       |     5 |    15 |       ||    20
       Animate Skeleton  |       |       |     8 |       ||     8
       Invisibility      |       |       |     1 |       ||     1
Evoke: Wand              |       |       |     1 |     2 ||     3
  Use: Scroll            |     1 |     1 |     9 |    12 ||    23
       Potion            |       |     1 |     3 |     1 ||     5
 Stab: Sleeping          |     8 |    26 |    59 |    35 ||   128
       Confused          |       |     4 |     5 |       ||     9
       Distracted        |       |       |     2 |       ||     2
       Invisible         |       |       |     1 |     5 ||     6
